 Dungeon Crawl Stone Soup version 0.22-a0-362-g535178c (webtiles) character file.

95 iamserjio the Ruffian (level 4, 0/38 HPs)
             Began as a Naga Transmuter on Apr 20, 2018.
             Slain by a gnoll
             ... wielding a +0 spear
              (8 damage)
             ... on level 3 of the Dungeon.
             The game lasted 00:07:25 (2692 turns).

iamserjio the Ruffian (Naga Transmuter)             Turns: 2692, Time: 00:07:25

Health: 0/38       AC:  3    Str: 13    XL:     4   Next: 65%
Magic:  7/7        EV: 10    Int: 13    God:
Gold:   146        SH:  0    Dex: 12    Spells: 6/7 levels left

rFire    . . .     SeeInvis +     - Unarmed
rCold    . . .     Gourm    .   (no shield)
rNeg     . . .     Faith    .   b - +0 robe
rPois    +         Spirit   .   i - +0 helmet
rElec    .         Reflect  .   (no cloak)
rCorr    .         Harm     .   (no gloves)
MR       .....                  (no barding)
Stlth    ++........             (no amulet)
HPRegen  0.12/turn              (no ring)
MPRegen  0.10/turn              (no ring)

@: very slow
A: large, see invisible, deformed body, poison resistance, slowness 2, slow
metabolism 1, spit poison 1, AC +1
a: Spit Poison


You were on level 3 of the Dungeon.
You were not hungry.

You visited 1 branch of the dungeon, and saw 3 of its levels.

You collected 146 gold pieces.

Inventory:

Hand Weapons
 e - a +0 hunting sling
 g - a +3 hunting sling
Missiles
 a - 30 arrows
 c - 89 stones (quivered)
 h - 21 sling bullets
Armour
 b - a +0 robe (worn)
 i - a +0 helmet (worn)
 p - a cursed +0 robe
Scrolls
 k - 4 scrolls of remove curse {unknown}
 n - 2 scrolls of identify {unknown}
 o - 2 scrolls of teleportation {unknown}
 q - a scroll of blinking {unknown}
Potions
 f - a potion of berserk rage {unknown}
 j - a potion of curing
 l - a potion of haste {unknown}
Comestibles
 d - 2 rations


   Skills:
 - Level 1.0 Fighting
 - Level 1.5 Dodging
 + Level 3.5 Stealth
 * Level 4.6 Unarmed Combat
 - Level 2.0 Spellcasting
 - Level 2.0 Transmutations


You had 6 spell levels left.
You knew the following spells:

 Your Spells              Type           Power        Failure   Level  Hunger
a - Beastly Appendage     Tmut           #.....       11%         1    ##.....


Dungeon Overview and Level Annotations

Branches:
Dungeon (3/15)

Altars:


Innate Abilities, Weirdness & Mutations

You cannot wear boots.
Your serpentine skin is tough. (AC +1)
You have supernaturally acute eyesight. (SInv)
Armour fits poorly on your strangely shaped body.
Your system is resistant to poisons. (rPois)
You cover ground very slowly.
You have a slow metabolism.
You can spit poison.


Message History

The gnoll barely misses you. The gnoll barely misses you.
The gnoll hits you with a flail!
The gnoll hits you from afar with a halberd!
The gnoll hits you but does no damage.
You feel better. The gnoll barely misses you. The gnoll hits you with a flail!
* * * LOW HITPOINT WARNING * * *
The gnoll barely misses you. x2
You feel better.
The gnoll hits you from afar with a spear.
* * * LOW HITPOINT WARNING * * *
The gnoll completely misses you. The gnoll barely misses you.
An orc comes into view. It is wielding a short sword.
The orc moves out of view.
The gnoll hits you with a flail.
* * * LOW HITPOINT WARNING * * *
An orc comes into view. It is wielding a dagger.
The gnoll hits you from afar with a spear!
You die...

#.##.# #.##.#
#.##.#####
#.........
#.........
#g.#.#####
#.g#.######
#g.........#
#######@##.#####.#
#.<.....##.#
#.###...##.. #.#
#.####### #.# #o#
#.# #.# #.# #.#
#.# #.# #.# #.#


You could see 3 gnolls and an orc (wandering).

Vanquished Creatures
  An iguana (D:3)
  An adder (D:3)
  2 oozes (D:2)
  2 dart slugs
  2 leopard geckos (D:2)
  An orc (D:2)
  3 giant cockroaches (D:1)
  7 hobgoblins
  6 kobolds
  2 ball pythons (D:2)
  4 bats
  6 goblins
  6 rats
43 creatures vanquished.

Notes
Turn   | Place    | Note
-------+----------+-------------------------------------------
     0 | D:1      | iamserjio the Naga Transmuter began the quest for the Orb.
     0 | D:1      | Reached XP level 1. HP: 18/18 MP: 3/3
   170 | D:1      | Reached skill level 1 in Stealth
   261 | D:1      | Reached XP level 2. HP: 23/25 MP: 5/5
  1047 | D:1      | Reached XP level 3. HP: 31/31 MP: 6/6
  1350 | D:2      | Reached skill level 4 in Unarmed Combat
  2322 | D:3      | Reached XP level 4. HP: 38/38 MP: 7/7
  2692 | D:3      | Slain by a gnoll

Vault maps used:
D:1:      ncdulo_lavacross, serial_bayou_crossing
D:3:      nicolae_ru_the_path_less_chosen, uniq_robin

Skill      XL: |  1  2  3 |
---------------+----------+-----
Stealth        | 1 2 3 |  3.5
Unarmed Combat | 4 |  4.6
Fighting       | |  1.0
Dodging        | |  1.5
Spellcasting   | |  2.0
Transmutations | |  2.0

Action                   |  1- 3 |  4- 6 || total
-------------------------+-------+-------++-------
Melee: Unarmed           |    82 |    19 ||   101
       Punch             |     2 |     1 ||     3
 Abil: Spit Poison       |    24 |     5 ||    29
  Use: Potion            |       |     2 ||     2
 Stab: Sleeping          |     4 |       ||     4
  Eat: Chunk             |     4 |     2 ||     6
Armor: Robe              |    13 |     4 ||    17
Dodge: Dodged            |    46 |    14 ||    60

Table legend:
 A = Spawn XP
 B = Non-spawn XP
 C = Spawn XP percentage of total XP
 D = Spawn monster count
 E = Non-spawn monster count
 F = Spawn count percentage of total count
 G = Total turns spent on level
                    A         B        C        D         E        F      G
               +---------+---------+-------+---------+---------+-------+---------
         Total |       0 |     136 |   0.0 |       0 |      43 |   0.0 |  2692
               +---------+---------+-------+---------+---------+-------+---------
           D:1 |       0 |      38 |   0.0 |       0 |      22 |   0.0 |  1270
           D:2 |       0 |      41 |   0.0 |       0 |      15 |   0.0 |  1085
           D:3 |       0 |      57 |   0.0 |       0 |       6 |   0.0 |   337
               +---------+---------+-------+---------+---------+-------+---------
